BSA
AUSTIN RIVER SHARKS @ POCATELLO BOCCABELLAS
04/06/2024
 
TOP OF THE 1ST
Austin River Sharks batting - Pitching for Pocatello Boccabellas : RHP Cris Rincón
Pitching: RHP Cris Rincón
Batting: RHB Tyler Wagner 0-0: Ball
1-0: Foul Ball, location: 2F
1-1: Swinging Strike
1-2: Ball
2-2: Foul Ball, location: 2F
2-2: Ground out 6-3 (Groundball, 6)
Batting: SHB Juan Castro 0-0: Ball
1-0: Ball
2-0: Foul Ball, location: 2F
2-1: Ball
3-1: Called Strike
3-2: Base on Balls
Batting: LHB Roberto García 0-0: Ball
1-0: Called Strike
1-1: Foul Ball, location: 2F
1-2: Foul Ball, location: 2F
1-2: Foul Ball, location: 2F
1-2: Ground out 4-3 (Groundball, 4S)
Juan Castro to second
Batting: LHB Luis Padilla 0-0: Ball
1-0: Ball
2-0: Ball
3-0: Called Strike
3-1: Swinging Strike
3-2: Foul Ball, location: 2F
3-2: Foul Ball, location: 2F
3-2: SINGLE (Groundball, 13) (infield hit)
Juan Castro to third
Batting: LHB Pedro Zaragoza 0-0: Swinging Strike
0-1: Fielders Choice at 2nd, U6 (Groundball, 6M)
Top of the 1st over - 0 run(s), 1 hit(s), 0 error(s), 2 left on base; Austin 0 - Pocatello 0
BOTTOM OF THE 1ST
Pocatello Boccabellas batting - Pitching for Austin River Sharks : RHP José Collazo
Pitching: RHP José Collazo
Batting: RHB José Delgado 0-0: Ball
1-0: Swinging Strike
1-1: Called Strike
1-2: Ground out 5-3 (Groundball, 5S)
Batting: RHB Marlon Phipps 0-0: Ball
1-0: Called Strike
1-1: Ball
2-1: Ball
3-1: DOUBLE (Flyball, 78XD)
Batting: LHB Juan Cortés 0-0: Ball
1-0: TRIPLE (Flyball, 89D)
Marlon Phipps scores
Batting: RHB Francisco Sandoval 0-0: Fly out, F8 (Popup, 8RS)
Batting: LHB Norberto Muñóz 0-0: Fly out, F6 (Popup, 6)
Bottom of the 1st over - 1 run(s), 2 hit(s), 0 error(s), 1 left on base; Austin 0 - Pocatello 1
TOP OF THE 2ND
Austin River Sharks batting - Pitching for Pocatello Boccabellas : RHP Cris Rincón
Batting: RHB Rich Ruffin 0-0: Called Strike
0-1: Swinging Strike
0-2: SOLO HOME RUN (Flyball, 7LD), Distance : 359 ft
Batting: RHB Kenneth Roberts 0-0: Foul Ball, location: 2F
0-1: Foul Ball, location: 2F
0-2: Ball
1-2: SINGLE (Line Drive, 78S)
Batting: RHB José Balina 0-0: Ball
1-0: Ball
2-0: Ball
3-0: Called Strike
3-1: Base on Balls
Kenneth Roberts to second
Batting: RHB Hidetada Kichida 0-0: Ball
1-0: Foul Ball, location: 2F
1-1: Foul Ball, location: 2F
1-2: Foul Ball, location: 2F
1-2: Strikes out swinging
Batting: RHB Tyler Wagner 0-0: Ball
1-0: Called Strike
1-1: Called Strike
1-2: Foul Ball, location: 2F
1-2: Strikes out swinging
Batting: SHB Juan Castro 0-0: Called Strike
0-1: Ball
1-1: Called Strike
1-2: Strikes out swinging
Top of the 2nd over - 1 run(s), 2 hit(s), 0 error(s), 2 left on base; Austin 1 - Pocatello 1
BOTTOM OF THE 2ND
Pocatello Boccabellas batting - Pitching for Austin River Sharks : RHP José Collazo
Batting: LHB David Monahan 0-0: Foul Ball, location: 2F
0-1: Ball
1-1: SINGLE (Groundball, 4M)
Batting: SHB Guillermo Ortíz 0-0: Called Strike
0-1: Ball
1-1: Foul Ball, location: 2F
1-2: Ball
2-2: Fly out, F7 (Flyball, 7M)
Batting: RHB Pedro Guzmán 0-0: Ball
1-0: Called Strike
1-1: Ball
2-1: Foul Ball, location: 2F
2-2: Foul Ball, location: 2F
2-2: Strikes out swinging
Batting: RHB Pete Harvey 0-0: Ball
1-0: Ground out 1-3 (Groundball, 15S)
Bottom of the 2nd over - 0 run(s), 1 hit(s), 0 error(s), 1 left on base; Austin 1 - Pocatello 1
TOP OF THE 3RD
Austin River Sharks batting - Pitching for Pocatello Boccabellas : RHP Cris Rincón
Batting: LHB Roberto García 0-0: Called Strike
0-1: Ball
1-1: Swinging Strike
1-2: Ball
2-2: Strikes out swinging
Batting: LHB Luis Padilla 0-0: Ball
1-0: Fly out, F6 (Popup, 5D)
Batting: LHB Pedro Zaragoza 0-0: Called Strike
0-1: Ball
1-1: Foul Ball, location: 2F
1-2: Foul Ball, location: 2F
1-2: Reached on error, E4 (Groundball, 4)
Batting: RHB Rich Ruffin 0-0: Foul Ball, location: 2F
0-1: Ball
1-1: Fly out, F8 (Line Drive, 8LD)
Top of the 3rd over - 0 run(s), 0 hit(s), 1 error(s), 1 left on base; Austin 1 - Pocatello 1
BOTTOM OF THE 3RD
Pocatello Boccabellas batting - Pitching for Austin River Sharks : RHP José Collazo
Batting: RHB José Delgado 0-0: SINGLE (Line Drive, 6MD)
Batting: RHB Marlon Phipps 0-0: Ball
José Delgado steals 2nd base
1-0: Called Strike
1-1: Swinging Strike
1-2: Ball
2-2: Strikes out looking
Batting: LHB Juan Cortés 0-0: Ball
1-0: Fly out, F8 (Flyball, 8LD)
Runner from 2nd tags up, SAFE at 3rd, no throw
Batting: RHB Francisco Sandoval 0-0: Called Strike
0-1: Swinging Strike
0-2: Strikes out swinging
Bottom of the 3rd over - 0 run(s), 1 hit(s), 0 error(s), 1 left on base; Austin 1 - Pocatello 1
TOP OF THE 4TH
Austin River Sharks batting - Pitching for Pocatello Boccabellas : RHP Cris Rincón
Batting: RHB Kenneth Roberts 0-0: Ball
1-0: Ground out 6-3 (Groundball, 6M)
Batting: RHB José Balina 0-0: Reached on error, E6 (Groundball, 56)
Batting: RHB Hidetada Kichida 0-0: Called Strike
0-1: Grounds into double play, 6-4-3 (Groundball, 6)
Top of the 4th over - 0 run(s), 0 hit(s), 1 error(s), 0 left on base; Austin 1 - Pocatello 1
BOTTOM OF THE 4TH
Pocatello Boccabellas batting - Pitching for Austin River Sharks : RHP José Collazo
Batting: LHB Norberto Muñóz 0-0: Called Strike
0-1: Foul Ball, location: 2F
0-2: Ball
1-2: Strikes out swinging
Batting: LHB David Monahan 0-0: Called Strike
0-1: Ball
1-1: Foul Ball, location: 2F
1-2: Strikes out looking
Batting: SHB Guillermo Ortíz 0-0: Called Strike
0-1: Called Strike
0-2: Ball
1-2: Strikes out looking
Bottom of the 4th over - 0 run(s), 0 hit(s), 0 error(s), 0 left on base; Austin 1 - Pocatello 1
TOP OF THE 5TH
Austin River Sharks batting - Pitching for Pocatello Boccabellas : RHP Cris Rincón
Batting: RHB Tyler Wagner 0-0: Ball
1-0: Ground out 6-3 (Groundball, 6M)
Batting: SHB Juan Castro 0-0: SINGLE (Groundball, 56)
Batting: LHB Roberto García 0-0: Ball
1-0: Ball
2-0: Called Strike
2-1: Ball
3-1: SINGLE (Groundball, 6M)
Juan Castro to second
Batting: LHB Luis Padilla 0-0: Called Strike
0-1: Ball
1-1: Foul Ball, location: 2F
1-2: Hit by Pitch
Juan Castro to third
Roberto García to second
Batting: LHB Pedro Zaragoza 0-0: Ball
1-0: Called Strike
1-1: Ball
2-1: Fly out, F7 (Flyball, 7D)
Runner from 3rd tags up, SCORES, no throw
Roberto García to third
Batting: RHB Rich Ruffin 0-0: Ball
1-0: Called Strike
1-1: Ball
2-1: Swinging Strike
2-2: Ground out U3 (Groundball, 3S)
Top of the 5th over - 1 run(s), 2 hit(s), 0 error(s), 2 left on base; Austin 2 - Pocatello 1
BOTTOM OF THE 5TH
Pocatello Boccabellas batting - Pitching for Austin River Sharks : RHP José Collazo
Batting: RHB Pedro Guzmán 0-0: Ball
1-0: Ball
2-0: Ball
3-0: Ground out 4-3 (Groundball, 34)
Batting: RHB Pete Harvey 0-0: Ball
1-0: Swinging Strike
1-1: Foul Ball, location: 2F
1-2: Foul Ball, location: 2F
1-2: Foul Ball, location: 2F
1-2: DOUBLE (Flyball, 7D)
Batting: RHB José Delgado 0-0: Called Strike
0-1: Ground out 6-3 (Groundball, 6)
Batting: RHB Marlon Phipps 0-0: Ball
1-0: Foul Ball, location: 2F
1-1: Ball
2-1: Foul Ball, location: 2F
2-2: Fly out, F7 (Line Drive, 78S)
Bottom of the 5th over - 0 run(s), 1 hit(s), 0 error(s), 1 left on base; Austin 2 - Pocatello 1
TOP OF THE 6TH
Austin River Sharks batting - Pitching for Pocatello Boccabellas : RHP Cris Rincón
Batting: RHB Kenneth Roberts 0-0: Ball
1-0: Ball
2-0: Fly out, F7 (Flyball, 7M)
Batting: RHB José Balina 0-0: Called Strike
0-1: Ball
1-1: Called Strike
1-2: Ground out 5-3 (Groundball, 5L)
Batting: RHB Hidetada Kichida 0-0: Foul Ball, location: 2F
0-1: Foul Ball, location: 2F
0-2: SINGLE (Groundball, 15S) (infield hit)
Batting: RHB Tyler Wagner 0-0: Ball
1-0: Ball
2-0: Ball
3-0: Called Strike
3-1: Fly out, F9 (Flyball, 89M)
Top of the 6th over - 0 run(s), 1 hit(s), 0 error(s), 1 left on base; Austin 2 - Pocatello 1
BOTTOM OF THE 6TH
Pocatello Boccabellas batting - Pitching for Austin River Sharks : RHP José Collazo
Batting: LHB Juan Cortés 0-0: Ball
1-0: Called Strike
1-1: Foul Ball, location: 2F
1-2: Ball
2-2: Ball
3-2: Foul Ball, location: 2F
3-2: Base on Balls
Batting: RHB Francisco Sandoval 0-0: Ball
Juan Cortés is caught stealing 2nd base
1-0: Ground out 4-3 (Groundball, 4)
Batting: LHB Norberto Muñóz 0-0: Called Strike
0-1: Foul Ball, location: 2F
0-2: Ball
1-2: Ball
2-2: Fly out, F7 (Flyball, 7LMF)
Bottom of the 6th over - 0 run(s), 0 hit(s), 0 error(s), 0 left on base; Austin 2 - Pocatello 1
TOP OF THE 7TH
Austin River Sharks batting - Pitching for Pocatello Boccabellas : RHP Cris Rincón
Pitching: LHP Mario Tobías
Batting: SHB Juan Castro 0-0: Foul Ball, location: 2F
0-1: Ball
1-1: Swinging Strike
1-2: Foul Ball, location: 2F
1-2: Foul Ball, location: 2F
1-2: Strikes out looking
Batting: LHB Roberto García 0-0: Ball
1-0: Foul Ball, location: 2F
1-1: Foul Ball, location: 2F
1-2: Foul Ball, location: 2F
1-2: Ball
2-2: SINGLE (Line Drive, 78S)
Batting: LHB Luis Padilla 0-0: Ball
1-0: Called Strike
1-1: Called Strike
1-2: Foul Ball, location: 2F
1-2: Ball
2-2: Foul Ball, location: 2F
2-2: Ball
3-2: Foul Ball, location: 2F
3-2: Ground out 4-3 (Groundball, 4S)
Roberto García to second
Batting: LHB Pedro Zaragoza 0-0: Foul Ball, location: 2F
0-1: Swinging Strike
0-2: Strikes out looking
Top of the 7th over - 0 run(s), 1 hit(s), 0 error(s), 1 left on base; Austin 2 - Pocatello 1
BOTTOM OF THE 7TH
Pocatello Boccabellas batting - Pitching for Austin River Sharks : RHP José Collazo
Pitching: RHP Daniel Morris
Batting: LHB David Monahan 0-0: Ball
1-0: Called Strike
1-1: Fly out, F4 (Line Drive, 4D)
Batting: SHB Guillermo Ortíz 0-0: Swinging Strike
0-1: Ball
1-1: Ball
2-1: Called Strike
2-2: Strikes out swinging
Batting: RHB Pedro Guzmán 0-0: Called Strike
0-1: Ball
1-1: Ball
2-1: Fly out, F9 (Flyball, 9M)
Bottom of the 7th over - 0 run(s), 0 hit(s), 0 error(s), 0 left on base; Austin 2 - Pocatello 1
TOP OF THE 8TH
Austin River Sharks batting - Pitching for Pocatello Boccabellas : LHP Mario Tobías
Batting: RHB Rich Ruffin 0-0: Swinging Strike
0-1: SOLO HOME RUN (Flyball, 7LD), Distance : 438 ft
Batting: RHB Kenneth Roberts 0-0: Ball
1-0: DOUBLE (Line Drive, 9LS)
Batting: RHB José Balina 0-0: Ball
1-0: Bunted foul
1-1: Sac Bunt - play at first, batter safe!
Kenneth Roberts to third
Pitching: RHP Jesse Moser
Batting: RHB Hidetada Kichida 0-0: Swinging Strike
0-1: SINGLE (Groundball, 34D)
Kenneth Roberts scores
José Balina to second
Runner from 2nd tries for 3rd, SAFE, throw made to third
Hidetada Kichida to second
Batting: RHB Tyler Wagner 0-0: Called Strike
0-1: Called Strike
0-2: Ball
1-2: Ball
2-2: SINGLE (Groundball, 6D)
José Balina scores
Hidetada Kichida to third
Batting: SHB Juan Castro 0-0: Ball
1-0: Foul Ball, location: 2F
1-1: Called Strike
1-2: Foul Ball, location: 2F
1-2: Ball
2-2: Strikes out swinging
Tyler Wagner steals 2nd base
Batter strikes out.
Batting: LHB Roberto García 0-0: Called Strike
0-1: Ball
1-1: Foul Ball, location: 2F
1-2: Strikes out swinging
Batting: LHB Luis Padilla 0-0: Foul Ball, location: 2F
0-1: Foul Ball, location: 2F
0-2: Foul Ball, location: 2F
0-2: Foul Ball, location: 2F
0-2: Fly out, F6 (Popup, 6D)
Top of the 8th over - 3 run(s), 5 hit(s), 0 error(s), 2 left on base; Austin 5 - Pocatello 1
BOTTOM OF THE 8TH
Pocatello Boccabellas batting - Pitching for Austin River Sharks : RHP Daniel Morris
Batting: RHB Pete Harvey 0-0: Ball
1-0: Ball
2-0: Ground out 5-3 (Groundball, 56S)
Batting: RHB José Delgado 0-0: Ground out 1-3 (Groundball, 15)
Batting: RHB Marlon Phipps 0-0: Called Strike
0-1: Foul Ball, location: 2F
0-2: SINGLE (Groundball, 34D)
Batting: LHB Juan Cortés 0-0: Called Strike
0-1: Foul Ball, location: 2F
0-2: Foul Ball, location: 2F
0-2: Ball
1-2: Foul Ball, location: 2F
1-2: Foul Ball, location: 2F
1-2: Fielders Choice at 2nd, U6 (Groundball, 6M)
Bottom of the 8th over - 0 run(s), 1 hit(s), 0 error(s), 1 left on base; Austin 5 - Pocatello 1
TOP OF THE 9TH
Austin River Sharks batting - Pitching for Pocatello Boccabellas : RHP Jesse Moser
Batting: LHB Pedro Zaragoza 0-0: Ball
1-0: DOUBLE (Flyball, 78M)
Batting: RHB Rich Ruffin 0-0: Ball
1-0: Ball
2-0: Called Strike
2-1: Ball
3-1: Called Strike
3-2: Base on Balls
Batting: RHB Kenneth Roberts 0-0: Bunted foul
0-1: Bunt missed!
0-2: Ball
1-2: Grounds into double play, 6-4-3 (Groundball, 6)
Pedro Zaragoza to third
Batting: RHB José Balina 0-0: Called Strike
0-1: Ball
1-1: Foul Ball, location: 2F
1-2: Ball
2-2: Strikes out swinging
Top of the 9th over - 0 run(s), 1 hit(s), 0 error(s), 1 left on base; Austin 5 - Pocatello 1
BOTTOM OF THE 9TH
Pocatello Boccabellas batting - Pitching for Austin River Sharks : RHP Daniel Morris
Pitching: RHP Luis Antonio Martínez
Batting: RHB Francisco Sandoval 0-0: Called Strike
0-1: Ball
1-1: Foul Ball, location: 2F
1-2: Fly out, F7 (Flyball, 78D)
Batting: LHB Norberto Muñóz 0-0: Called Strike
0-1: Ball
1-1: Ball
2-1: Called Strike
2-2: Foul Ball, location: 2F
2-2: Fly out, F8 (Flyball, 8RS)
Batting: LHB David Monahan 0-0: Foul Ball, location: 2F
0-1: Fly out, F7 (Flyball, 7S)
Bottom of the 9th over - 0 run(s), 0 hit(s), 0 error(s), 0 left on base; Austin 5 - Pocatello 1
This league is powered by Out of the Park Baseball, the baseball management simulation game for PC, Mac and Linux
Saturday, April 9th, 2016 - OOTP Baseball 16.8 Build 38